 Dungeon Crawl Stone Soup version 0.20-a0-214-gb74cb0e (webtiles) character file.

5628 Gorggeron the Cleaver (level 10, -2/90 HPs)
             Began as a Hill Orc Fighter on Nov 27, 2016.
             Was a Priest of Okawaru.
             Slain by an orc warrior
             ... wielding a +0 glaive
              (15 damage)
             ... on level 9 of the Dungeon.
             The game lasted 00:56:40 (9348 turns).

Gorggeron the Cleaver (Hill Orc Fighter)            Turns: 9348, Time: 00:56:40

Health: -2/90      AC: 20    Str: 23    XL:     10   Next: 74%
Magic:  13/13      EV:  4    Int:  8    God:    Okawaru [***...]
Gold:   374        SH:  0    Dex: 12    Spells: 9/9 levels left

rFire  . . .     SeeInvis .     s - +1 executioner's axe (chop)
rCold  . . .     Gourm    +     W - +0 plate armour
rNeg   . . .     Faith    .     (shield currently unavailable)
rPois  .         Spirit   .     D - +2 helmet
rElec  .         Reflect  .     (no cloak)
rCorr  .         Harm     .     (no gloves)
MR     .....                    q - +2 pair of boots
Stlth  ..........               G - amulet of the gourmand
                                Q - -3 ring of evasion (curse)
                                b - ring of loudness (curse)

@: no status effects
A: agile 1
a: Heroism, Renounce Religion


You were on level 9 of the Dungeon.
You worshipped Okawaru.
Okawaru was most pleased with you.
You were completely stuffed.

You visited 2 branches of the dungeon, and saw 10 of its levels.

You collected 374 gold pieces.

Inventory:

Hand Weapons
 a - a +2 war axe
 h - a +0 spear
 n - a +0 flail of venom
 r - a +0 hunting sling
 s - a +1 executioner's axe of chopping (weapon)
 u - a +0 shortbow
 B - a +0 hand crossbow
 C - a +5 whip of electrocution
 R - a +0 hand axe of electrocution
 T - a +3 flail
 Y - a +0 war axe
Missiles
 e - 249 stones
 g - 94 arrows
 j - 36 poisoned needles
 l - 61 sling bullets
 p - 4 needles of confusion
 y - 33 bolts
 A - 2 tomahawks (quivered)
 H - 3 javelins
 K - 4 needles of paralysis
 U - 4 steel tomahawks
Armour
 c - a +1 shield
 q - a +2 pair of boots (worn)
 D - a +2 helmet (worn)
 W - a +0 plate armour (worn)
Jewellery
 b - a cursed ring of loudness (left hand)
 E - an uncursed ring of positive energy
 G - an amulet of the gourmand (around neck)
 O - an uncursed ring of see invisible
 Q - a cursed -3 ring of evasion (right hand)
 S - a +2 amulet of reflection
Wands
 k - a wand of flame (33/48)
 F - a wand of confusion (23/48)
 J - a wand of lightning (7/15)
 L - a wand of teleportation (5/9)
 P - a wand of slowing (37/48)
Scrolls
 w - 2 scrolls of recharging
 N - a scroll of teleportation
 V - a scroll of amnesia
 X - 2 scrolls of identify
 Z - a scroll of fog
Potions
 d - a potion of might
 i - a potion of agility
 m - 3 potions of cancellation
 t - a potion of lignification
 I - a potion of resistance
Comestibles
 f - 8 bread rations
 o - 4 fruits
 v - 2 meat rations
 x - 8 chunks of flesh
 z - 2 slices of pizza
 M - a beef jerky


   Skills:
 * Level 8.5 Fighting
 + Level 11.0 Axes
 + Level 0.1 Throwing
 * Level 8.4 Armour
 * Level 8.4 Shields
 * Level 4.6 Invocations
 * Level 4.6 Evocations


You had 9 spell levels left.
You didn't know any spells.

Dungeon Overview and Level Annotations

Branches:
Dungeon (9/15)             Temple (1/1) D:6            Lair (0/6) D:8
    Orc: D:9-12

Altars:
Ashenzari
Cheibriados
Dithmenos
Fedhas
Gozag
Hepliaklqana
Kikubaaqudgha
Makhleb
Nemelex Xobeh
Okawaru
Qazlal
Ru
Sif Muna
Trog
Uskayaw
Vehumet
Xom
Yredelemnul
Zin
The Shining One

Shops:
D:5 [


Innate Abilities, Weirdness & Mutations

You are agile. (Dex +2)


Message History

Evoke which item? (* to show all) (? for menu, Esc to quit)
Zapping:
F - a wand of confusion (26/48)
Press: ? - help, Shift-Dir - straight line, f - orc warrior
Aim: an orc warrior, wielding a glaive and wearing a plate armour (chance to defeat MR: 55%)
The orc warrior resists with significant effort.
This wand has 25 charges left.
The orc warrior hits you but does no damage.
Evoke which item? (* to show all) (? for menu, Esc to quit)
Zapping:
F - a wand of confusion (25/48)
Press: ? - help, Shift-Dir - straight line, f/p - orc warrior
Aim: an orc warrior, wielding a glaive and wearing a plate armour (chance to defeat MR: 55%)
The orc warrior resists with significant effort.
This wand has 24 charges left.
Evoke which item? (* to show all) (? for menu, Esc to quit)
Zapping:
F - a wand of confusion (24/48)
Press: ? - help, Shift-Dir - straight line, f/p - orc warrior
Aim: an orc warrior, wielding a glaive and wearing a plate armour (chance to defeat MR: 55%)
The orc warrior resists with significant effort.
This wand has 23 charges left.
The orc warrior hits you with a glaive!
You die...

†.................# #
..................+ .#
..................# ..#
.#####+#....####### ...#
.#.....#....#....##....#
.#.....#....+..........#
.#.....+....#....##..
.#.....#....#....#
.#.....#....#...@#
.+.....'....#....o.....#
#.....#....#######....#
#.....#..........# ...#
#.....#..........# ..#
#.....#..........# .#
#.....#..........# #
#.....#..........#
#.....#..........#


You could see an orc warrior.

Vanquished Creatures
  Erica (D:8)
  A hill giant (D:6)
  An ugly thing (D:8)
  A troll (D:8)
  The ghost of DrabberRogue the Chiller, an amateur HuIE (D:4)
  A wyvern (D:9)
  Edmund (D:4)
  The ghost of Harvester the Insei, an amateur OpTm (D:3)
  A sky beast (D:9)
  2 ice beasts
  2 orc warriors
  A phantom (D:4)
  3 wolves (D:8)
  A crocodile (D:8)
  3 centaurs
  A big kobold (D:8)
  5 bullfrogs
  A scorpion (D:9)
  6 killer bees (D:8)
  4 electric eels (D:8)
  A howler monkey (D:5)
  A crimson imp (D:7)
  A quasit (D:6)
  5 orc priests
  A bullfrog skeleton (D:5)
  11 hounds
  A gnoll shaman (D:7)
  A jelly (D:7)
  Jessica (D:2)
  3 iguanas
  3 orc wizards
  6 worker ants
  Robin (D:4)
  A hound skeleton (D:7)
  A worker ant zombie (D:6)
  12 adders
  7 gnolls
  A howler monkey skeleton (D:7)
  4 shadow imps
  2 oozes
  5 worms
  2 adder skeletons
  4 dart slugs
  4 leopard geckos
  13 orcs
  7 bats
  4 giant cockroaches
  12 hobgoblins
  21 jackals
  13 kobolds
  3 quokkas
  A ball python (D:1)
  5 frilled lizards
  12 goblins
  4 rats
212 creatures vanquished.

Vanquished Creatures (others)
  A killer bee zombie (D:8)
  A kobold (D:8)
2 creatures vanquished.

Grand Total: 214 creatures vanquished

Notes
Turn   | Place    | Note
-------+----------+-------------------------------------------
     0 | D:1      | Gorggeron the Hill Orc Fighter began the quest for the Orb.
     0 | D:1      | Reached XP level 1. HP: 19/19 MP: 1/1
   145 | D:1      | Reached XP level 2. HP: 20/27 MP: 2/2
   317 | D:1      | Reached skill level 3 in Axes
   414 | D:1      | Reached XP level 3. HP: 33/33 MP: 3/3
  1018 | D:2      | Reached XP level 4. HP: 38/41 MP: 4/4
  1302 | D:2      | Noticed Jessica
  1310 | D:2      | Killed Jessica
  1310 | D:2      | Reached skill level 4 in Axes
  1460 | D:2      | Reached XP level 5. HP: 47/47 MP: 5/5
  1799 | D:3      | You fall through a shaft for 2 floors!
  1799 | D:5      | Entered Level 5 of the Dungeon
  1889 | D:5      | Found an opulent altar of Gozag.
  1902 | D:5      | Noticed a centaur
  1912 | D:5      | Killed a centaur
  1912 | D:5      | Reached skill level 5 in Axes
  1912 | D:5      | Reached XP level 6. HP: 34/55 MP: 6/6
  1954 | D:5      | Found a burning altar of Makhleb.
  1959 | D:5      | Reached skill level 5 in Fighting
  2136 | D:4      | Noticed DrabberRogue's ghost (amateur HuIE)
  2144 | D:4      | Killed DrabberRogue's ghost
  2144 | D:4      | Reached skill level 6 in Axes
  2144 | D:4      | Reached skill level 5 in Armour
  2144 | D:4      | Reached skill level 5 in Shields
  2144 | D:4      | Reached XP level 7. HP: 23/61 MP: 7/7
  2397 | D:4      | Noticed Robin
  2427 | D:4      | Killed Robin
  2594 | D:3      | Noticed Harvester's ghost (amateur OpTm)
  2637 | D:3      | Killed Harvester's ghost
  3064 | D:3      | Reached skill level 7 in Axes
  3064 | D:3      | Reached XP level 8. HP: 68/70 MP: 8/8
  3080 | D:3      | Found a shattered altar of Ashenzari.
  3199 | D:3      | Found a shimmering altar of Xom.
  3349 | D:3      | Gained mutation: You are agile. (Dex +2) [potion of beneficial mutation]
  3383 | D:4      | Noticed Edmund
  3400 | D:4      | Killed Edmund
  3573 | D:4      | Found a radiant altar of Vehumet.
  3615 | D:4      | Found a glowing golden altar of the Shining One.
  3685 | D:5      | Found Anegaat's Antique Armour Shop.
  4180 | D:6      | Found a basalt altar of Yredelemnul.
  4204 | D:6      | Noticed a hill giant
  4211 | D:6      | Killed a hill giant
  4211 | D:6      | Reached skill level 8 in Axes
  4211 | D:6      | Reached skill level 1 in Evocations
  4211 | D:6      | Reached XP level 9. HP: 63/79 MP: 8/10
  4399 | D:6      | Reached skill level 9 in Axes
  4842 | D:6      | Found a staircase to the Ecumenical Temple.
  4851 | Temple   | Entered the Ecumenical Temple
  5614 | D:7      | Found an iron altar of Okawaru.
  5614 | D:7      | Found a glowing silver altar of Zin.
  5617 | D:7      | Became a worshipper of Warmaster Okawaru
  5877 | D:7      | Reached skill level 1 in Invocations
  5879 | D:7      | Found a snail-covered altar of Cheibriados.
  6576 | D:8      | Noticed a troll
  6599 | D:8      | Reached * piety under Okawaru
  6602 | D:8      | Reached skill level 10 in Axes
  6634 | D:8      | HP: 1/79 [troll (6)]
  6638 | D:8      | Killed a troll
  6886 | D:8      | Found a staircase to the Lair.
  6890 | D:8      | Reached XP level 10. HP: 53/88 MP: 12/12
  6907 | D:8      | HP: 2/88 [orc warrior/dire flail (6)]
  6911 | D:8      | Found an ancient bone altar of Kikubaaqudgha.
  6911 | D:8      | Noticed Erica
  6919 | D:8      | HP: 4/88 [poisoned by a kobold]
  6927 | D:8      | HP: 3/88 [poisoned by a kobold]
  6935 | D:8      | HP: 3/88 [poisoned by a kobold]
  7976 | D:8      | Killed Erica
  7976 | D:8      | Reached ** piety under Okawaru
  8626 | D:8      | Noticed a red ugly thing
  8649 | D:8      | Killed a red ugly thing
  9147 | D:8      | Identified a scroll of acquirement
  9241 | D:9      | Reached skill level 11 in Axes
  9246 | D:9      | Reached *** piety under Okawaru
  9348 | D:9      | Slain by an orc warrior

Vault maps used:
D:1:      wheals_arrival_linesprint
D:2:      corexii_shack, uniq_jessica
D:3:      lemuel_doored_altar, marbit_many_paths, first_bread
D:4:      kennysheep_little_box, tso_altar, uniq_edmund, uniq_robin
D:5:      nicolae_overflow_crystal_walls, serial_shops,
          nicolae_shop_overgrown_old_shop, hangedman_decor_points,
          kennysheep_pointless_box, makhleb_heckhound_becter
D:6:      lemuel_coloured_pillars_altar
D:7:      gammafunk_temple_overflow_elements, basic_altar
D:8:      kiku_gazebo_garden_becter, erik_lair_island, uniq_erica
D:9:      kennysheep_mini_moat, david_orc_4
Temple:   minmay_temple_forest_path

Skill      XL: |  1  2  3  4  5  6  7  8  9 10 |
---------------+-------------------------------+-----
Fighting       | 4 5 7 8 |  8.5
Axes           | 3 4 5 6 7 8 10 11 | 11.0
Armour         | 4 5 6 7 8 |  8.4
Shields        | 4 5 6 7 8 |  8.4
Evocations     | 1 3 4 |  4.6
Invocations    | 3 4 |  4.6
Throwing       | |  0.1

Action                   |  1- 3 |  4- 6 |  7- 9 | 10-12 || total
-------------------------+-------+-------+-------+-------++-------
Melee: War axe           |   124 |   153 |   400 |   113 ||   790
       Executioner's axe |       |       |       |    34 ||    34
Throw: Javelin           |       |       |       |     4 ||     4
       Tomahawk          |       |       |       |     1 ||     1
Invok: Heroism           |       |       |       |     3 ||     3
Evoke: Wand              |       |       |       |     4 ||     4
  Use: Scroll            |     5 |     5 |    12 |     5 ||    27
       Potion            |       |     1 |    11 |     2 ||    14
  Eat: Chunk             |     1 |     3 |    28 |    12 ||    44
Armor: Scale mail        |    33 |       |       |       ||    33
       Chain mail        |    39 |    70 |   163 |    17 ||   289
       Skin              |       |       |    21 |     1 ||    22
       Plate armour      |       |       |       |    55 ||    55
Dodge: Dodged            |    36 |    26 |    67 |    18 ||   147
Block: Shield            |    71 |    83 |   205 |    56 ||   415
       Reflection        |       |       |       |     2 ||     2
